 Dungeon Crawl Stone Soup version 0.17.2 (webtiles) character file.

93 ololoev the Cudgeler (level 4, -2/40 HPs)
             Began as a Mummy Chaos Knight on June 30, 2016.
             Slain by a wasp (shapeshifter) (5 damage)
             ... on level 2 of the Dungeon.
             The game lasted 00:01:55 (1390 turns).

ololoev the Cudgeler (Mummy Chaos Knight)           Turns: 1390, Time: 00:01:55

Health: -2/40      AC:  5    Str: 16    XL:     4   Next: 37%
Magic:  4/4        EV: 11    Int: 11    God:    Xom [..*...]
Gold:   84         SH:  0    Dex: 11    Spells: 0 memorised, 3 levels left

rFire  x . .     SeeInvis .     a - +0 mace (chaos)
rCold  + . .     Clarity  .     b - +2 leather armour
rNeg   + + +     SustAt   .     (no shield)
rPois  ∞         Gourm    .     (no helmet)
rElec  .         Spirit   .     (no cloak)
rCorr  .         Warding  .     (no gloves)
rMut   .         Stasis   .     (no boots)
MR     .....                    g - amulet of faith
Stlth  +.........               (no ring)
                                (no ring)

@: not resistant to hostile enchantments, very unstealthy
A: no food or potions, fire vulnerability, cold resistance 1, negative energy
resistance 3, torment resistance, unbreathing
a: Renounce Religion


Innate Abilities, Weirdness & Mutations

You do not eat or drink.
Your flesh is vulnerable to fire.
You are immune to poison.
Your flesh is cold resistant.
You are immune to negative energy.
You are immune to unholy pain and torment.
You can survive without breathing.

Inventory:

Hand Weapons
 a - a +0 mace of chaos (weapon)
Missiles
 f - 21 poisoned needles
Armour
 b - a +2 leather armour (worn)
Jewellery
 g - an amulet of faith (around neck)
Scrolls
 c - a scroll of amnesia {unknown}
 d - a scroll of recharging {unknown}
 e - a scroll of teleportation {unknown}
 h - a scroll of identify {unknown}


   Skills:
 - Level 6.0 Fighting
 * Level 7.1 Maces & Flails
 + Level 4.8 Armour
 - Level 0.7 Dodging


You had 3 spell levels left.
You didn't know any spells.


You were on level 2 of the Dungeon.
You worshipped Xom.
You were a toy of Xom.
You were not hungry.

You visited 1 branch of the dungeon, and saw 2 of its levels.

You collected 84 gold pieces.

# ####.####
#........ #.### .#
#...### ..
.......##y@.# .#
....... ###.#### .#
.....bw
#..†..##.###
.......
#..##..#...#
..>.... #....#..#
....... #.##.##.##
.......
.........###
####..##....#######
#.. ####........

Notes
Turn   | Place    | Note
--------------------------------------------------------------
     0 | D:1      | ololoev the Mummy Chaos Knight began the quest for the Orb.
     0 | D:1      | Reached XP level 1. HP: 18/18 MP: 1/1
   225 | D:1      | Reached XP level 2. HP: 18/24 MP: 2/2
   529 | D:1      | XOM: harmless Trmt miscast
   757 | D:1      | XOM: silly message
   845 | D:1      | Reached XP level 3. HP: 26/29 MP: 3/3
  1069 | D:1      | XOM: harmless Ice miscast
  1190 | D:1      | XOM: harmless Hex miscast
  1231 | D:1      | XOM: mild Pois miscast
  1381 | D:2      | Noticed an ice beast
  1381 | D:2      | a worm changed into an ice beast
  1382 | D:2      | Noticed a wasp
  1382 | D:2      | an ice beast changed into a wasp
  1386 | D:2      | XOM: potion effect (experience)
  1386 | D:2      | Reached skill level 6 in Fighting
  1386 | D:2      | Reached skill level 7 in Maces & Flails
  1386 | D:2      | Reached XP level 4. HP: 15/40 MP: 4/4
  1387 | D:2      | XOM: harmless Pois miscast
  1390 | D:2      | Slain by a wasp (shapeshifter)

Dungeon Overview and Level Annotations

Branches:
Dungeon (2/15)

Altars:


Message History

You are too injured to fight recklessly!
You are too injured to fight recklessly!
You are too injured to fight recklessly!
You are too injured to fight recklessly!
You are too injured to fight recklessly!
You are too injured to fight recklessly!
You are too injured to fight recklessly!
You are too injured to fight recklessly!
You are too injured to fight recklessly!
You are too injured to fight recklessly!
You are too injured to fight recklessly!
You barely miss the ice beast.
The ice beast is lightly wounded.
The ice beast changes into a wasp!
You closely miss the wasp. The wasp stings you but does no damage.
The wasp barely misses you.
You miss the wasp. The wasp closely misses you.
You closely miss the wasp. "Go forth and destroy!"
You feel more experienced!
Your Fighting skill gained 3 levels and is now at level 6!
Your Maces & Flails skill gained 4 levels and is now at level 7!
Your Armour skill gained 2 levels and is now at level 4!
You have reached level 4!
The wasp barely misses you. The wasp stings you.
You hit the wasp.
There is a sudden explosion of sparks!
The wasp is heavily wounded.
Xom notices you.
Your vision is briefly tinged with green.
The wasp stings you but does no damage. The wasp closely misses you.
You barely miss the wasp.
The wasp is heavily wounded.
The wasp stings you. x2
You hit the wasp.
The wasp seems to slow down.
The wasp is severely wounded.
The wasp stings you.
You miss the wasp.
The wasp is severely wounded.
The wasp stings you.
You die...

You could see a wasp shaped shifter.

Vanquished Creatures
  An ooze (D:1)
  2 ball pythons (D:1)
  4 hobgoblins
  6 jackals (D:1)
  4 kobolds (D:1)
  2 bats (D:1)
  8 goblins (D:1)
  8 rats
35 creatures vanquished.

Action                   |  1- 3 |  4- 6 || total
-------------------------+-------+-------++-------
Melee: Mace              |   126 |     4 ||   130
 Stab: Confused          |     1 |       ||     1
       Paralysed         |     1 |       ||     1

Vault maps used:
D:1:      dpeg_arrival_water_temple_mockup
D:2:      serial_corexii_hall, corexii_hall_statues_x, corexii_hall_statues_x,
          first_bread
